AoeStats
← thebigmarvinski

Golden Pit

508642629Analyzed
1v1 RM · 10d ago on Sep 23, 2026· 31m 23s· 2 players
Game mode
Random Map
Map size
Tiny (2 player)
Population
200
Speed
Normal
Resources
Standard
Victory
Conquest
Starting age
Dark Age
Ending age
Imperial Age
RankedLock teamsTeams togetherTeam positionsShared explorationLock speedFull tech treeHidden civsTurbo modeCheats
Victory
Defeat
🇬🇧 Bohemians · United Kingdom
760
+16
🇺🇸 Byzantines · United States
750
-16
Extra Syrup
5:22 Loom
12:18 Feudal Age
12:59 Double-Bit Axe
13:00 Horse Collar
18:46 Wheelbarrow
18:17 Stone Mining
19:49 Wheelbarrow
23:31 Castle Age
23:42 Gold Mining
24:16 Heavy Plow
24:32 Hand Cart
24:30 Bow Saw
27:28 Gold Shaft Mining
27:29 Stone Shaft Mining
27:19 Fletching
thebigmarvinski
11:32 Feudal Age
9:47 Loom
12:08 Double-Bit Axe
12:26 Horse Collar
19:54 Castle Age
20:12 Padded Archer Armor
20:19 Fletching
21:12 Heavy Plow
21:16 Crossbowman
23:08 Bow Saw
23:12 Padded Archer Armor
Connection lost

Rejoining the realm…

Still unreachable

The connection could not be restored.

Session expired

The server has moved on; the page needs a fresh start.